[Event "45th National Sub Junior 2019"]
[Site "Tiruchengode"]
[Date "2019.07.09"]
[Round "1.1"]
[White "Prawin K"]
[Black "Raja Rithvik R"]
[Result "0-1"]
[ECO "C50"]
[WhiteElo "1443"]
[BlackElo "2357"]
[Annotator "NA"]
[PlyCount "70"]
[EventDate "2019.07.09"]
[EventCountry "IND"]
[SourceTitle "playchess.com"]
[Source "ChessBase"]
[SourceQuality "1"]
[TimeControl "5400+30"]

1. e4 e5 2. Nf3 Nc6 3. Bc4 Bc5 4. c3 Nf6 5. d3 O-O 6. Bg5 h6 7. Bh4 Be7 8. O-O d6 9. Nbd2 Nh5 10. Bg3 Nxg3 11. fxg3 Na5 12. d4 exd4 13. cxd4 Nxc4 14. Nxc4 d5 15. Ncd2 dxe4 16. Nxe4 Be6 17. Qe2 c6 18. Nc3 Qb6 19. Rfd1 Rad8 20. Rd2 Rfe8 21. Qf2 Qa5 22. h4 Bd6 23. Re1 Bc4 24. Rc2 Rxe1+ 25. Qxe1 Qf5 26. Rc1 Bc7 27. Na4 Bd5 28. Qf2 Qg4 29. Nc5 Bxg3 30. Qf1 Bxf3 31. Qxf3 Qxd4+ 32. Kf1 Qxb2 33. Nb3 Bxh4 34. g3 Rd6 35. Kg1 Bxg3 0-1

[Event "45th National Sub Junior 2019"]
[Site "Tiruchengode"]
[Date "2019.07.09"]
[Round "1.2"]
[White "Pranesh M"]
[Black "Aman Kumar"]
[Result "1-0"]
[ECO "B33"]
[WhiteElo "2343"]
[BlackElo "1547"]
[Annotator "NA"]
[PlyCount "74"]
[EventDate "2019.07.09"]
[EventCountry "IND"]
[SourceTitle "playchess.com"]
[Source "ChessBase"]
[SourceQuality "1"]
[TimeControl "5400+30"]

1. e4 c5 2. Nf3 Nc6 3. d4 cxd4 4. Nxd4 Nf6 5. Nc3 e5 6. Ndb5 d6 7. Bg5 a6 8. Na3 b5 9. Nd5 Be7 10. Bxf6 Bxf6 11. c3 Bg5 12. Nc2 O-O 13. h4 Bh6 14. g3 Be6 15. Bg2 Bxd5 16. Qxd5 Ne7 17. Qd3 Qb6 18. O-O g6 19. Rad1 Rad8 20. Qe2 Kh8 21. Nb4 f5 22. exf5 Nxf5 23. Kh2 Rc8 24. Be4 Rc4 25. b3 Rcc8 26. Nd5 Qd8 27. Qg4 Ne7 28. h5 Nxd5 29. Rxd5 gxh5 30. Qxh5 Rf6 31. Rd3 Qf8 32. Kg2 Qg7 33. Rf3 Rxf3 34. Qxf3 Bd2 35. Rd1 Bxc3 36. Rxd6 Bd4 37. Rf6 Rc7 1-0

[Event "45th National Sub Junior 2019"]
[Site "Tiruchengode"]
[Date "2019.07.09"]
[Round "1.3"]
[White "Tawade Arnav"]
[Black "Rohith Krishna S"]
[Result "0-1"]
[ECO "D58"]
[WhiteElo "1436"]
[BlackElo "2312"]
[Annotator "NA"]
[PlyCount "86"]
[EventDate "2019.07.09"]
[EventCountry "IND"]
[SourceTitle "playchess.com"]
[Source "ChessBase"]
[SourceQuality "1"]
[TimeControl "5400+30"]

1. d4 d5 2. c4 e6 3. Nc3 Nf6 4. Bg5 Be7 5. Nf3 O-O 6. e3 h6 7. Bh4 b6 8. Be2 Bb7 9. cxd5 exd5 10. Bxf6 Bxf6 11. b4 Qd6 12. Qb3 c6 13. O-O Nd7 14. a4 a5 15. bxa5 Rxa5 16. e4 Bd8 17. exd5 cxd5 18. Nb5 Qf4 19. Qe3 Qxe3 20. fxe3 Nf6 21. Ne5 Ne4 22. Bd3 f6 23. Ng6 Rf7 24. Bxe4 dxe4 25. Nd6 Rd7 26. Nxb7 Rxb7 27. Rf4 f5 28. h4 Bc7 29. Rf2 Bg3 30. Rc2 b5 31. Rc8+ Kf7 32. Nh8+ Ke7 33. Ng6+ Kd7 34. Rac1 bxa4 35. Nf8+ Ke7 36. Ng6+ Kf7 37. Nh8+ Ke6 38. R1c6+ Kd7 39. Rc1 a3 40. Ng6 a2 41. Nf8+ Ke7 42. Ng6+ Kf7 43. Nh8+ Ke6 0-1

[Event "45th National Sub Junior 2019"]
[Site "Tiruchengode"]
[Date "2019.07.09"]
[Round "1.4"]
[White "Pranav Vijay"]
[Black "Mishra Kamad"]
[Result "1-0"]
[ECO "B08"]
[WhiteElo "2265"]
[BlackElo "1433"]
[Annotator "NA"]
[PlyCount "57"]
[EventDate "2019.07.09"]
[EventCountry "IND"]
[SourceTitle "playchess.com"]
[Source "ChessBase"]
[SourceQuality "1"]
[TimeControl "5400+30"]

1. e4 d6 2. d4 Nf6 3. Nc3 g6 4. Nf3 Bg7 5. Be3 O-O 6. h3 a6 7. a4 Nc6 8. a5 e5 9. d5 Ne7 10. g4 Ne8 11. Rg1 f5 12. gxf5 gxf5 13. Bd3 f4 14. Bd2 Ng6 15. Qe2 Bxh3 16. Ng5 Bd7 17. O-O-O Nf6 18. Qf3 Qe8 19. Bf1 h6 20. Ne6 Bxe6 21. dxe6 Kh7 22. Bh3 Ne7 23. Qd3 Qc6 24. Nd5 Rae8 25. Nxe7 Rxe7 26. Bf5+ Kh8 27. Rg6 d5 28. Qh3 dxe4 29. Rxh6+ 1-0

[Event "45th National Sub Junior 2019"]
[Site "Tiruchengode"]
[Date "2019.07.09"]
[Round "1.5"]
[White "Ethan V Johnson"]
[Black "Samant Aditya S"]
[Result "0-1"]
[ECO "E26"]
[WhiteElo "1432"]
[BlackElo "2296"]
[Annotator "NA"]
[PlyCount "66"]
[EventDate "2019.07.09"]
[EventCountry "IND"]
[SourceTitle "playchess.com"]
[Source "ChessBase"]
[SourceQuality "1"]
[TimeControl "5400+30"]

1. d4 Nf6 2. c4 e6 3. Nc3 Bb4 4. e3 b6 5. Bd3 Bb7 6. f3 c5 7. a3 Bxc3+ 8. bxc3 Nc6 9. Ne2 d6 10. O-O O-O 11. e4 h6 12. Qe1 cxd4 13. cxd4 e5 14. d5 Na5 15. Rb1 Rc8 16. Qg3 Kh8 17. f4 Nxc4 18. fxe5 Nxe5 19. Bb2 Nfd7 20. Rf5 g6 21. Rf2 Kh7 22. Rbf1 Qe7 23. Bb1 Ba6 24. h4 h5 25. Bc1 Ng4 26. Bg5 f6 27. Bf4 Nde5 28. Nd4 Bxf1 29. Rxf1 Rc4 30. Ne6 Rfc8 31. Bxe5 dxe5 32. Bd3 Rc3 33. Rf3 Qxa3 0-1

[Event "45th National Sub Junior 2019"]
[Site "Tiruchengode"]
[Date "2019.07.09"]
[Round "1.6"]
[White "Aaryan Varshney"]
[Black "Aashish Niranjan B"]
[Result "1-0"]
[ECO "E98"]
[WhiteElo "2284"]
[BlackElo "1428"]
[Annotator "NA"]
[PlyCount "103"]
[EventDate "2019.07.09"]
[EventCountry "IND"]
[SourceTitle "playchess.com"]
[Source "ChessBase"]
[SourceQuality "1"]
[TimeControl "5400+30"]

1. d4 Nf6 2. Nf3 g6 3. c4 Bg7 4. Nc3 O-O 5. e4 d6 6. Be2 e5 7. O-O Nc6 8. d5 Ne7 9. Ne1 Ne8 10. Be3 f5 11. f3 f4 12. Bf2 g5 13. Nd3 Ng6 14. c5 Rf7 15. Rc1 Bf8 16. Nb5 b6 17. cxd6 cxd6 18. a4 a5 19. Na3 h5 20. Nc4 Nf6 21. Nxb6 g4 22. Nxa8 g3 23. Bb6 gxh2+ 24. Kh1 Qe7 25. Rxc8 h4 26. Rc7 Nd7 27. Nf2 h3 28. Nxh3 Rg7 29. Bb5 Qe8 30. Rxd7 Rxd7 31. Nc7 Qd8 32. Bxd7 Qxd7 33. Ne6 Be7 34. Qc2 Bh4 35. Qc7 Qxc7 36. Bxc7 Bg3 37. Bxd6 Kf7 38. Rc1 Nf8 39. Bxf8 Bh4 40. Rc7+ Be7 41. Rxe7+ Kf6 42. d6 Kg6 43. d7 Kf6 44. d8=Q Kg6 45. Qxa5 Kf6 46. Kxh2 Kg6 47. Rg7+ Kh6 48. Rg5+ Kh7 49. Qc7+ Kh8 50. Qxe5+ Kh7 51. Qxf4 Kh8 52. Qh4# 1-0

[Event "45th National Sub Junior 2019"]
[Site "Tiruchengode"]
[Date "2019.07.09"]
[Round "1.7"]
[White "Alfien Jessurun"]
[Black "Kushagra Mohan"]
[Result "0-1"]
[ECO "D24"]
[WhiteElo "1428"]
[BlackElo "2250"]
[Annotator "NA"]
[PlyCount "48"]
[EventDate "2019.07.09"]
[EventCountry "IND"]
[SourceTitle "playchess.com"]
[Source "ChessBase"]
[SourceQuality "1"]
[TimeControl "5400+30"]

1. d4 Nf6 2. c4 e6 3. Nf3 d5 4. Nc3 a6 5. Bg5 dxc4 6. e4 b5 7. e5 h6 8. Bh4 g5 9. Nxg5 hxg5 10. Bxg5 Nbd7 11. exf6 Bb7 12. Qe2 Nb6 13. O-O-O b4 14. Ne4 Qd5 15. f3 Qa5 16. Nc5 Bd5 17. Kb1 b3 18. a3 c3 19. bxc3 Nc4 20. Bc1 b2 21. Bxb2 Rb8 22. Qxc4 Bxc4 23. Bxc4 Bxc5 24. dxc5 Qxc3 0-1

[Event "45th National Sub Junior 2019"]
[Site "Tiruchengode"]
[Date "2019.07.09"]
[Round "1.8"]
[White "Rathneesh R"]
[Black "Jeyasurya Umashankar R"]
[Result "1-0"]
[ECO "B01"]
[WhiteElo "2226"]
[BlackElo "1426"]
[Annotator "NA"]
[PlyCount "120"]
[EventDate "2019.07.09"]
[EventCountry "IND"]
[SourceTitle "playchess.com"]
[Source "ChessBase"]
[SourceQuality "1"]
[TimeControl "5400+30"]

1. e4 d5 2. exd5 Nf6 3. Nf3 Nxd5 4. d4 Bg4 5. Be2 e6 6. Ne5 Bxe2 7. Qxe2 c6 8. O-O Nd7 9. c4 N5f6 10. Re1 Bb4 11. Nc3 O-O 12. Bg5 Qa5 13. Qf3 Bd6 14. Bf4 Qc7 15. a3 Rad8 16. Re3 a6 17. b4 h5 18. h3 h4 19. Bh2 Kh7 20. c5 Bxe5 21. dxe5 Nd5 22. Re4 Nxc3 23. Rxh4+ Kg8 24. Qxc3 Rfe8 25. Rg4 Nf8 26. Qg3 Ng6 27. h4 Rd2 28. Rf1 Qd7 29. Re4 Rd8 30. Qf3 Rd3 31. Qg4 Rd1 32. Ree1 Rd4 33. Re4 Rd1 34. Ree1 Rd4 35. f4 Qd5 36. Bg3 Nxe5 37. Qg5 Nd3 38. Qxd5 R4xd5 39. Re2 a5 40. f5 e5 41. bxa5 Rxc5 42. Rb1 Rxa5 43. Rxb7 Rxa3 44. Bxe5 Re8 45. Rb8 Ra8 46. Rxa8 Rxa8 47. Bd6 c5 48. Rc2 Rc8 49. Rc4 Rd8 50. Bc7 Rd7 51. Ba5 Rd5 52. g4 Ne5 53. Re4 f6 54. Kg2 Rd4 55. Rxd4 cxd4 56. g5 d3 57. Kf2 Nc4 58. Bb4 d2 59. Ke2 d1=Q+ 60. Kxd1 Ne3+ 1-0

[Event "45th National Sub Junior 2019"]
[Site "Tiruchengode"]
[Date "2019.07.09"]
[Round "1.9"]
[White "Divekar Prathamesh"]
[Black "Ajay Karthikeyan"]
[Result "0-1"]
[ECO "B92"]
[WhiteElo "1423"]
[BlackElo "2216"]
[Annotator "NA"]
[PlyCount "48"]
[EventDate "2019.07.09"]
[EventCountry "IND"]
[SourceTitle "playchess.com"]
[Source "ChessBase"]
[SourceQuality "1"]
[TimeControl "5400+30"]

1. e4 c5 2. Nf3 d6 3. d4 cxd4 4. Nxd4 Nf6 5. Nc3 a6 6. Be2 e5 7. Nb3 Be7 8. O-O O-O 9. Be3 Be6 10. f4 exf4 11. Bxf4 Nc6 12. Kh1 d5 13. exd5 Nxd5 14. Nxd5 Bxd5 15. Bf3 Bc4 16. Be2 Qxd1 17. Rfxd1 Bxe2 18. Rd7 Bf6 19. Rxb7 Bxb2 20. Re1 Bg4 21. h3 Be6 22. Nc5 Bc3 23. Re2 Bc4 24. Re4 Bd5 0-1

[Event "45th National Sub Junior 2019"]
[Site "Tiruchengode"]
[Date "2019.07.09"]
[Round "1.10"]
[White "Nikhil Magizhnan"]
[Black "Vengatesh Krishnan C"]
[Result "1-0"]
[ECO "B50"]
[WhiteElo "2164"]
[BlackElo "1408"]
[Annotator "NA"]
[PlyCount "73"]
[EventDate "2019.07.09"]
[EventCountry "IND"]
[SourceTitle "playchess.com"]
[Source "ChessBase"]
[SourceQuality "1"]
[TimeControl "5400+30"]

1. e4 c5 2. Nf3 d6 3. c3 Nf6 4. Be2 e6 5. O-O Be7 6. Qc2 O-O 7. d4 h6 8. Bd3 a6 9. a4 b6 10. Bf4 Bb7 11. Nbd2 Nbd7 12. Rad1 Nh5 13. Be3 e5 14. d5 g5 15. g3 Ndf6 16. Ne1 Bc8 17. Ng2 Bh3 18. Be2 Ng4 19. b4 Kh7 20. a5 Rg8 21. axb6 Qd7 22. bxc5 dxc5 23. Nc4 Bxg2 24. Kxg2 Nf4+ 25. Bxf4 gxf4 26. Bxg4 Qxg4 27. Nxe5 Qh5 28. Nf3 Rg6 29. e5 Rag8 30. d6 Bh4 31. Qe4 Kh8 32. Qxf4 Rg4 33. Qe3 Bxg3 34. hxg3 Qg6 35. Nd2 h5 36. Qf3 f5 37. exf6 1-0

[Event "45th National Sub Junior 2019"]
[Site "Tiruchengode"]
[Date "2019.07.10"]
[Round "2.1"]
[White "Raja Rithvik R"]
[Black "Chauhan Narayan"]
[Result "1/2-1/2"]
[ECO "A30"]
[WhiteElo "2357"]
[BlackElo "1703"]
[Annotator "ChessBase"]
[PlyCount "130"]
[EventDate "2019.07.09"]
[EventCountry "IND"]
[SourceTitle "playchess.com"]
[Source "ChessBase"]
[SourceQuality "1"]
[TimeControl "5400+30"]

1. Nf3 Nf6 2. c4 e6 3. g3 b6 4. Bg2 Bb7 5. O-O c5 6. Nc3 Be7 7. Re1 O-O 8. e4 d6 9. d4 cxd4 10. Nxd4 a6 11. e5 dxe5 12. Bxb7 Ra7 13. Nc6 Qxd1 14. Nxe7+ Kh8 15. Rxd1 Rxb7 16. b3 b5 17. cxb5 axb5 18. Be3 Re8 19. Bc5 b4 20. Na4 Ne4 21. Rac1 Nxc5 22. Rxc5 Rbxe7 23. Rxe5 Rb7 24. Nc5 Rb5 25. Rd6 Ra5 26. Nd3 Rxa2 27. Rb5 g6 28. Nxb4 Ra7 29. Nd3 Kg7 30. b4 Nd7 31. Ra5 Rb7 32. Rd4 e5 33. Re4 Rc8 34. b5 f5 35. Rea4 Rc3 36. Ra3 Rxa3 37. Rxa3 Rxb5 38. Ra7 Rd5 39. Nxe5 Rxe5 40. Rxd7+ Kh6 41. h4 Re8 42. Kg2 Rh8 43. Kf3 g5 44. Rd6+ Kh5 45. hxg5 Kxg5 46. Kg2 Rg8 47. f4+ Kh5 48. Rf6 Rg6 49. Rf7 h6 50. Kh3 Rf6 51. Rg7 Re6 52. Rb7 Kg6 53. Kh4 Rd6 54. Rb5 Rd1 55. Rb6+ Kg7 56. Kh3 Rd2 57. g4 Rd3+ 58. Kh4 Rd4 59. Rb7+ Kf6 60. Rb6+ Kg7 61. Rb5 Rxf4 62. Rxf5 Rxf5 63. gxf5 Kf6 64. Kh5 Kxf5 65. Kxh6 Ke5 1/2-1/2

[Event "45th National Sub Junior 2019"]
[Site "Tiruchengode"]
[Date "2019.07.10"]
[Round "2.2"]
[White "Soumyajit Das"]
[Black "Pranesh M"]
[Result "0-1"]
[ECO "C77"]
[WhiteElo "1708"]
[BlackElo "2343"]
[Annotator "NA"]
[PlyCount "118"]
[EventDate "2019.07.09"]
[EventCountry "IND"]
[SourceTitle "playchess.com"]
[Source "ChessBase"]
[SourceQuality "1"]
[TimeControl "5400+30"]

1. e4 e5 2. Nf3 Nc6 3. Bb5 a6 4. Ba4 Nf6 5. Qe2 b5 6. Bb3 Bc5 7. c3 O-O 8. O-O Bb7 9. a4 b4 10. a5 h6 11. d3 d6 12. Be3 Bxe3 13. fxe3 d5 14. Nbd2 Rb8 15. exd5 Nxd5 16. Ne4 bxc3 17. bxc3 Bc8 18. Bc4 Bg4 19. h3 Bh5 20. Bxa6 f5 21. Bc4 Bf7 22. Ng3 f4 23. exf4 exf4 24. Ne4 Kh8 25. Rfc1 Bh5 26. Bxd5 Qxd5 27. a6 Ne5 28. Kh2 Rfe8 29. c4 Bxf3 30. gxf3 Qd4 31. Ra2 Rb3 32. a7 Ra8 33. Qf2 Qxd3 34. Nc5 Nxf3+ 35. Kg2 Ne1+ 36. Kg1 Qxh3 37. Rxe1 Rg3+ 38. Qxg3 Qxg3+ 39. Kf1 Qh3+ 40. Kg1 Qg4+ 41. Kf1 Qh5 42. Ra5 f3 43. Re4 Qh1+ 44. Kf2 Qg2+ 45. Ke3 Qe2+ 46. Kd4 Qd2+ 47. Ke5 Qxa5 48. Kd4 Qxa7 49. Re5 f2 50. Rf5 Qa1+ 51. Kd5 f1=Q 52. Rxf1 Qxf1 53. Ne6 Qf5+ 54. Kd4 Qxe6 55. c5 Ra4+ 56. Kc3 Qe3+ 57. Kb2 Rh4 58. c6 Rh2+ 59. Kb1 Qg1# 0-1

[Event "45th National Sub Junior 2019"]
[Site "Tiruchengode"]
[Date "2019.07.10"]
[Round "2.3"]
[White "Rohith Krishna S"]
[Black "Ruban Sanjai M"]
[Result "1-0"]
[ECO "E65"]
[WhiteElo "2312"]
[BlackElo "1698"]
[Annotator "NA"]
[PlyCount "119"]
[EventDate "2019.07.09"]
[EventCountry "IND"]
[SourceTitle "playchess.com"]
[Source "ChessBase"]
[SourceQuality "1"]
[TimeControl "5400+30"]

1. Nf3 Nf6 2. g3 g6 3. Bg2 Bg7 4. O-O O-O 5. d4 d6 6. c4 Nbd7 7. Nc3 c5 8. b3 Rb8 9. Bb2 b6 10. Qc2 Bb7 11. d5 a6 12. e4 Ne8 13. Nd1 b5 14. Bxg7 Nxg7 15. Nb2 Qc7 16. Rfe1 e5 17. dxe6 Nxe6 18. Rad1 Ne5 19. Nh4 Nd4 20. Qd2 Rbe8 21. f4 Nd7 22. Nf3 Nxf3+ 23. Bxf3 Nf6 24. Qxd6 Qxd6 25. Rxd6 Nxe4 26. Bxe4 Rxe4 27. Rxe4 Bxe4 28. Rxa6 bxc4 29. Nxc4 Bd3 30. Ra4 Bxc4 31. Rxc4 Ra8 32. Rc2 Kf8 33. Re2 Ra3 34. Rc2 Ke7 35. Kf2 Kd6 36. Ke2 Kd5 37. Kd2 f5 38. Kc3 Ra7 39. Rd2+ Kc6 40. Re2 Rd7 41. a4 Rd1 42. Re7 Rc1+ 43. Kb2 Rf1 44. Rxh7 c4 45. bxc4 Kc5 46. a5 Kb4 47. a6 Rf2+ 48. Kb1 Kc3 49. a7 Rf1+ 50. Ka2 Rf2+ 51. Ka3 Rf1 52. Ka4 Kxc4 53. Rc7+ Kd4 54. Kb5 Ra1 55. Kb6 Rb1+ 56. Kc6 Rc1+ 57. Kb7 Rb1+ 58. Kc8 Ra1 59. Kb8 Rb1+ 60. Rb7 1-0

[Event "45th National Sub Junior 2019"]
[Site "Tiruchengode"]
[Date "2019.07.10"]
[Round "2.4"]
[White "Adireddy Arjun"]
[Black "Pranav Vijay"]
[Result "0-1"]
[ECO "C55"]
[WhiteElo "1702"]
[BlackElo "2265"]
[Annotator "NA"]
[PlyCount "94"]
[EventDate "2019.07.09"]
[EventCountry "IND"]
[SourceTitle "playchess.com"]
[Source "ChessBase"]
[SourceQuality "1"]
[TimeControl "5400+30"]

1. e4 e5 2. Nf3 Nc6 3. Bc4 Nf6 4. d3 Be7 5. c3 O-O 6. Bb3 d5 7. Qe2 d4 8. O-O b5 9. a3 Rb8 10. Ne1 Bg4 11. f3 Be6 12. Bxe6 fxe6 13. f4 exf4 14. Bxf4 e5 15. Bg3 Qe8 16. Bh4 Bc5 17. Kh1 Qh5 18. Qxh5 Nxh5 19. Rxf8+ Rxf8 20. Nd2 dxc3 21. bxc3 Bf2 22. Bxf2 Rxf2 23. Rd1 Rf6 24. Ndf3 g5 25. Kg1 Nf4 26. Rd2 g4 27. Nh4 Ne7 28. g3 Nh3+ 29. Kg2 c5 30. Nc2 Ra6 31. Rd1 h5 32. Rb1 Rd6 33. Rd1 Ng5 34. Kf2 Nxe4+ 35. Ke3 Nxc3 36. Rf1 c4 37. dxc4 bxc4 38. Ne1 Rd1 39. Nf5 Ned5+ 40. Kf2 Ne4+ 41. Kg2 c3 42. a4 c2 43. Nxc2 Rd2+ 44. Kg1 Rxc2 45. Nh6+ Kh7 46. Nf7 Ne3 47. Re1 Rg2+ 0-1

[Event "45th National Sub Junior 2019"]
[Site "Tiruchengode"]
[Date "2019.07.10"]
[Round "2.5"]
[White "Samant Aditya S"]
[Black "Tanishq Gupta"]
[Result "1-0"]
[ECO "C10"]
[WhiteElo "2296"]
[BlackElo "1672"]
[Annotator "NA"]
[PlyCount "129"]
[EventDate "2019.07.09"]
[EventCountry "IND"]
[SourceTitle "playchess.com"]
[Source "ChessBase"]
[SourceQuality "1"]
[TimeControl "5400+30"]

1. e4 e6 2. d4 d5 3. Nd2 dxe4 4. Nxe4 Bd7 5. Nf3 Bc6 6. Bd3 Nd7 7. O-O Ngf6 8. Qe2 Nxe4 9. Bxe4 Bxe4 10. Qxe4 c6 11. Bf4 Nf6 12. Qe2 Bd6 13. Be5 O-O 14. Rfd1 b5 15. a4 b4 16. a5 Nd5 17. Qc4 Rc8 18. Nd2 Bxe5 19. dxe5 Qg5 20. Nf3 Qe7 21. Nd4 Rfd8 22. Rd3 Qc7 23. Nf3 a6 24. Qe4 Qe7 25. Nd2 Qg5 26. Nc4 Qf4 27. Re1 Qxe4 28. Rxe4 h6 29. Kf1 Kf8 30. h4 h5 31. Rf3 Rc7 32. Ke2 Ke7 33. Rg3 g6 34. Rd3 c5 35. g3 Rc6 36. f3 Rh8 37. Nd2 Rb8 38. Rc4 Rb5 39. Nb3 Rc7 40. g4 f6 41. exf6+ Kxf6 42. Rd1 Ke5 43. Kf2 hxg4 44. Rxg4 Kf5 45. Rc4 Kf6 46. Re1 Kf5 47. Rce4 Rc6 48. Rg1 Kf6 49. Rg5 Ne7 50. Reg4 e5 51. h5 gxh5 52. Rxh5 Ng6 53. Rc4 Ke6 54. Rh6 Kf7 55. Ke3 Kg7 56. Rh5 Kf6 57. Ke4 Ke6 58. f4 exf4 59. Nd4+ cxd4 60. Rxc6+ Kd7 61. Rxb5 Kxc6 62. Rb6+ Kc5 63. Rxg6 b3 64. cxb3 Kb4 65. Rxa6 1-0

[Event "45th National Sub Junior 2019"]
[Site "Tiruchengode"]
[Date "2019.07.10"]
[Round "2.6"]
[White "Bhrigu Suryanarayan"]
[Black "Aaryan Varshney"]
[Result "0-1"]
[ECO "E07"]
[WhiteElo "1691"]
[BlackElo "2284"]
[Annotator "NA"]
[PlyCount "112"]
[EventDate "2019.07.09"]
[EventCountry "IND"]
[SourceTitle "playchess.com"]
[Source "ChessBase"]
[SourceQuality "1"]
[TimeControl "5400+30"]

1. d4 Nf6 2. c4 e6 3. Nf3 d5 4. g3 Bb4+ 5. Bd2 Be7 6. Bg2 O-O 7. O-O c6 8. cxd5 exd5 9. Nc3 Nbd7 10. Qc2 Re8 11. Bf4 Nf8 12. Rad1 Ng6 13. Bg5 Ne4 14. Nxe4 dxe4 15. Bxe7 Qxe7 16. Nd2 f5 17. e3 Be6 18. f4 exf3 19. Bxf3 Rad8 20. Rde1 Qg5 21. Kh1 Bf7 22. Qc3 Re7 23. Re2 Rde8 24. Rfe1 h5 25. Nc4 Rd8 26. b3 h4 27. Rg2 Qf6 28. Rge2 c5 29. Ne5 Nxe5 30. dxe5 Rxe5 31. Bxb7 hxg3 32. hxg3 f4 33. Kg1 Rd7 34. Bc8 Rc7 35. Bh3 Rce7 36. Rf1 Qg6 37. e4 Rxe4 38. Rxe4 Rxe4 39. Qxc5 Qxg3+ 40. Bg2 Re2 41. Qc8+ Re8 42. Qh3 Qxh3 43. Bxh3 g5 44. Rc1 Re3 45. Rc5 Rxh3 46. Rxg5+ Kf8 47. Ra5 f3 48. Rxa7 Bd5 49. Ra5 Rh1+ 50. Kf2 Rh2+ 51. Kf1 Be4 52. Re5 Bd3+ 53. Kg1 Rxa2 54. Re3 f2+ 55. Kh2 f1=Q+ 56. Kg3 Rg2+ 0-1

[Event "45th National Sub Junior 2019"]
[Site "Tiruchengode"]
[Date "2019.07.10"]
[Round "2.7"]
[White "Kushagra Mohan"]
[Black "Yukash Ram E"]
[Result "1-0"]
[ECO "B01"]
[WhiteElo "2250"]
[BlackElo "1652"]
[Annotator "NA"]
[PlyCount "107"]
[EventDate "2019.07.09"]
[EventCountry "IND"]
[SourceTitle "playchess.com"]
[Source "ChessBase"]
[SourceQuality "1"]
[TimeControl "5400+30"]

1. e4 d5 2. exd5 Nf6 3. Nf3 Nxd5 4. d4 e6 5. c4 Nf6 6. Nc3 b6 7. Be2 Bb7 8. O-O Bd6 9. Nb5 O-O 10. Nxd6 Qxd6 11. Ne5 c5 12. Be3 Na6 13. f4 cxd4 14. Qxd4 Rfd8 15. Qxd6 Rxd6 16. a3 Ne4 17. Rac1 Nac5 18. b4 Nb3 19. Rc2 Nd4 20. Bxd4 Rxd4 21. c5 Rc8 22. c6 Ba8 23. c7 Bb7 24. Nc6 Rd7 25. Rfc1 Nd6 26. Nxa7 Kf8 27. Nxc8 Nxc8 28. Rd1 Ke7 29. Rxd7+ Kxd7 30. Bb5+ Kd6 31. Rd2+ Bd5 32. Ba6 Kd7 33. Bxc8+ Kxc8 34. Rc2 b5 35. Rc5 Bc4 36. a4 bxa4 37. Rxc4 a3 38. Rc2 a2 39. Rxa2 Kxc7 40. Ra7+ Kb6 41. Rxf7 Kb5 42. Rxg7 Kxb4 43. Rxh7 Kc5 44. h4 Kd5 45. h5 Ke4 46. Rf7 e5 47. fxe5 Ke3 48. e6 Kd2 49. e7 Kc3 50. e8=Q Kc2 51. Rd7 Kb3 52. Qc8 Kb4 53. Rb7+ Ka5 54. Qa8# 1-0

[Event "45th National Sub Junior 2019"]
[Site "Tiruchengode"]
[Date "2019.07.10"]
[Round "2.8"]
[White "Ajay Karthikeyan"]
[Black "Zala Akshar"]
[Result "1-0"]
[ECO "D02"]
[WhiteElo "2216"]
[BlackElo "1638"]
[Annotator "NA"]
[PlyCount "73"]
[EventDate "2019.07.09"]
[EventCountry "IND"]
[SourceTitle "playchess.com"]
[Source "ChessBase"]
[SourceQuality "1"]
[TimeControl "5400+30"]

1. d4 d5 2. Bf4 c5 3. e3 Nc6 4. Nf3 Nf6 5. Nbd2 Nh5 6. Be5 e6 $11 7. c3 Nf6 8. Bd3 Nd7 9. Bf4 c4 10. Bc2 b5 11. e4 h6 12. O-O Be7 13. Re1 O-O 14. Nf1 f5 15. exd5 exd5 16. Ne3 Nb6 17. a4 g5 18. Ne5 Nb8 19. Bg3 f4 20. Qh5 Rf6 21. N3g4 Bxg4 22. Nxg4 fxg3 23. Nxf6+ Bxf6 24. Re8+ Qxe8 25. Qxe8+ Kg7 26. Qg6+ Kf8 27. Qxf6+ Kg8 28. Qg6+ Kf8 29. Qxh6+ Kf7 30. Bg6+ Kf6 31. fxg3 N8d7 32. Rf1+ Ke7 33. Qxg5+ Kd6 34. a5 Na4 35. Rf7 Nxb2 36. Qe7+ Kc6 37. Qxd7# 1-0

[Event "45th National Sub Junior 2019"]
[Site "Tiruchengode"]
[Date "2019.07.10"]
[Round "2.9"]
[White "Colaco Reuben"]
[Black "Nikhil Magizhnan"]
[Result "0-1"]
[ECO "C12"]
[WhiteElo "1663"]
[BlackElo "2164"]
[Annotator "NA"]
[PlyCount "98"]
[EventDate "2019.07.09"]
[EventCountry "IND"]
[SourceTitle "playchess.com"]
[Source "ChessBase"]
[SourceQuality "1"]
[TimeControl "5400+30"]

1. e4 e6 2. d4 d5 3. Nc3 Nf6 4. Bg5 Bb4 5. e5 h6 6. exf6 hxg5 7. fxg7 Rg8 8. h4 gxh4 9. Nf3 Qf6 10. Rxh4 $11 c5 11. Qd2 Nc6 12. Rf4 Qxg7 13. a3 Bxc3 14. bxc3 c4 15. g3 Bd7 16. Qe3 f6 17. Bh3 O-O-O 18. O-O-O Rge8 19. Rh4 a6 20. Bg2 Na7 21. Kb2 Qe7 22. Nd2 Nb5 23. Nb1 Qd6 24. Qd2 Qb6 25. Ka2 Kb8 26. Rh6 Rf8 27. f4 Nd6 28. g4 Rc8 29. Rdh1 Qb5 30. Qc1 Ka7 31. Rh7 Rfd8 32. R1h6 Rc6 33. Rxf6 Rb6 34. g5 Nf5 35. Rh3 Rg8 36. Bf1 Nd6 37. Bg2 Nf5 38. Bf1 Be8 39. Be2 Bg6 40. Bg4 Qa4 41. Bd1 Nd6 42. Rh6 Bf5 43. Rh2 Ne4 44. Rfh6 Qb5 45. R6h3 Bxh3 46. Rxh3 Rh8 47. Re3 Rh1 48. a4 Rxd1 49. axb5 Rxc1 0-1

[Event "45th National Sub Junior 2019"]
[Site "Tiruchengode"]
[Date "2019.07.10"]
[Round "2.10"]
[White "Thiyagarajan Tamilselvi"]
[Black "Sanket Chakravarty"]
[Result "0-1"]
[ECO "C45"]
[WhiteElo "1649"]
[BlackElo "2107"]
[Annotator "NA"]
[PlyCount "120"]
[EventDate "2019.07.09"]
[EventCountry "IND"]
[SourceTitle "playchess.com"]
[Source "ChessBase"]
[SourceQuality "1"]
[TimeControl "5400+30"]

1. e4 c5 2. Nf3 e6 3. d4 cxd4 4. Nxd4 Nc6 5. Nxc6 bxc6 6. Nc3 d5 7. exd5 exd5 8. Bd3 Be7 9. O-O Nf6 10. Bf4 O-O $11 11. Ne2 Bd6 12. Qd2 Be6 13. Ng3 Rb8 14. Rab1 Re8 15. Rfe1 c5 16. c3 d4 17. Bxd6 Qxd6 18. b3 h6 19. Nf5 Bxf5 20. Bxf5 Qd5 21. Bd3 Ng4 22. h3 Ne5 23. c4 Qd8 24. Be4 Nxc4 25. Qd3 Nd6 26. Bc6 Rxe1+ 27. Rxe1 Rc8 28. Bd5 Qc7 29. Rc1 Qd7 30. a3 Nb5 31. Bf3 Qe8 32. b4 Nc3 33. Kh1 cxb4 34. axb4 Rd8 35. Ra1 Qe7 36. b5 Qc5 37. Bc6 g6 38. Rc1 Kg7 39. g4 a6 40. Kg2 axb5 41. Bxb5 Qd5+ 42. Kg3 Qxb5 43. Rxc3 Qb8+ 44. f4 dxc3 45. Qxc3+ Kg8 46. Qf6 g5 47. Kf3 Qxf4+ 48. Qxf4 gxf4 49. Kxf4 Kg7 50. h4 Kg6 51. Ke5 f6+ 52. Ke6 Rd4 53. g5 fxg5 54. hxg5 hxg5 55. Ke5 Rf4 56. Kd5 g4 57. Ke5 Rf5+ 58. Ke4 g3 59. Ke3 g2 60. Ke2 g1=Q 0-1